Map: Estaleiro Orbital

Players

Erik

  • Race: Zerg Zerg
  • League: Grandmaster

Cham - Winner!

  • Race: Zerg Zerg
  • League: Grandmaster

Event: Copa America 2016 Season 1

VOD

Have the link to the VOD?

Description

Time

  • Played on: Feb. 17, 2016, 6 p.m.
  • Length: 10:54

All games in this series

Show
View Real Time Build Order
Export as new Build Order

Erik Zerg 

Build Orders: Pool First 

Get SALT Encoding   

  12  0:18  Spawning Pool  
  11  0:22  Drone  
  11  0:27  Drone  
  13  0:30  Drone  
  14  0:40  Overlord  
  14  1:06  Zergling x6  
  17  1:18  Hatchery  
  17  1:20  Zergling x2  
  17  1:30  Queen  
  19  1:34  Zergling x2  
  20  1:41  Overlord  
  20  1:49  Drone  
  21  2:03  Drone  
  21  2:06  Queen  
  24  2:11  Drone  
  25  2:23  Drone  
  25  2:31  Drone  
  25  2:34  Queen  
  25  2:37  Drone  
  25  2:38  Drone x3  
  25  2:42  Drone  
  30  2:46  Drone  
  30  2:53  Queen  
  32  3:02  Drone x2  
  32  3:05  Extractor  
  33  3:06  Extractor  
  32  3:16  Drone x4  
  36  3:21  Spine Crawler  
  36  3:23  Overlord  
  36  3:26  Overlord  
  35  3:34  Drone  
  36  3:41  Drone  
  36  3:42  Drone x3  
  36  3:45  Drone x3  
  43  3:50  Drone  
  43  3:55  Lair  
  44  4:01  Drone x2  
  46  4:03  Extractor  
  45  4:16  Hatchery  
  44  4:19  Roach Warren  
  44  4:22  Drone x2  
  44  4:23  Drone  
  46  4:26  Drone  
  46  4:31  Overlord  
  47  4:33  Overlord  
  47  4:40  Queen  
  49  4:49  Overlord  
  49  5:00  Roach x3  
  49  5:01  Roach x3  
  49  5:05  Roach  
  49  5:06  Roach  
  65  5:12  Roach x3  
  71  5:20  Roach x2  
  75  5:28  Overlord  
  73  5:35  Roach x5  
  75  5:47  Spire  
  75  5:49  Extractor  
  73  5:59  Drone x2  
  73  6:00  Drone x2  
  73  6:01  Drone  
  73  6:03  Drone x4  
  73  6:04  Drone x3  
  85  6:12  Overlord  
  81  6:25  Roach  
  81  6:26  Roach x5  
  81  6:30  Overlord  
  85  6:35  Roach x2  
  85  6:44  Roach x2  
  87  6:49  Roach  
  87  6:50  Roach  
  83  6:57  Roach x2  
  78  7:08  Mutalisk x4  
  80  7:10  Queen x2  
  80  7:14  Mutalisk  
  70  7:33  Mutalisk  
  72  7:37  Drone x2  
  72  7:38  Drone x3  
  72  7:39  Drone  
  78  7:45  Drone  
  78  7:48  Drone  
  80  7:53  Drone x2  
  76  8:02  Roach x2  
  76  8:03  Roach  
  74  8:09  Roach  
  74  8:13  Queen  
  74  8:14  Queen x2  
  74  8:19  Roach x2  
  84  8:27  Roach x3  
  84  8:31  Roach  
  92  8:40  Roach x2  
  74  8:51  Roach x2  
  68  8:56  Roach  
  68  8:58  Zergling x2  
  68  8:59  Zergling x4  
  59  9:19  Roach x5  
  67  9:27  Roach x3  
  61  9:31  Roach  
  59  9:43  Roach x3  
  59  9:49  Roach  
  55  9:54  Roach  
  55  10:02  Roach x2  
  55  10:08  Roach  
  41  10:24  Roach x3  
  45  10:33  Roach  
Show
View Real Time Build Order
Export as new Build Order

Cham Zerg - Winner!

Build Orders: Hatch First, Roach Nydus 

Get SALT Encoding   

  12  0:01  Drone  
  13  0:09  Drone  
  14  0:19  Overlord  
  14  0:37  Drone x3  
  17  0:53  Hatchery  
  17  0:56  Drone  
  18  1:10  Spawning Pool  
  16  1:21  Drone  
  16  1:23  Overlord  
  17  1:36  Extractor  
  16  1:57  Zergling x6, Queen  
  21  2:06  Zergling x2  
  21  2:08  Queen  
  24  2:10  Zergling x2  
  25  2:17  Overlord  
  25  2:27  Drone  
  25  2:28  Drone  
  27  2:35  Drone  
  25  2:38  Drone  
  25  2:41  Drone  
  27  2:56  Overlord  
  27  2:57  Drone  
  28  2:59  Drone  
  29  3:07  Drone  
  29  3:08  Drone x3  
  29  3:12  Lair  
  33  3:17  Extractor  
  33  3:19  Overlord  
  32  3:22  Drone x2  
  32  3:24  Drone  
  32  3:26  Drone  
  36  3:30  Drone  
  36  3:32  Drone  
  38  3:37  Drone x2  
  38  3:40  Drone x2  
  42  3:50  Drone, Roach Warren  
  42  3:51  Drone  
  43  3:58  Overlord  
  43  3:59  Extractor  
  42  4:05  Drone x4  
  46  4:12  Nydus Network  
  46  4:16  Drone x3  
  48  4:21  Queen  
  50  4:24  Overlord  
  50  4:32  Roach x2  
  50  4:35  Roach x2  
  50  4:37  Roach  
  60  4:43  Overlord  
  60  4:45  Roach  
  62  4:47  Roach  
  62  4:51  Nydus Canal  
  64  4:53  Roach  
  64  4:55  Glial Reconstitution  
  66  5:01  Queen  
  66  5:04  Roach x2  
  66  5:06  Roach  
  74  5:12  Spine Crawler  
  73  5:15  Roach  
  75  5:25  Nydus Canal  
  72  5:29  Spine Crawler  
  72  5:31  Roach  
  72  5:32  Roach  
  75  5:36  Roach  
  75  5:37  Roach  
  75  5:38  Roach  
  70  5:43  Roach x2  
  70  5:44  Queen  
  70  5:45  Overlord x2  
  70  5:48  Extractor  
  75  5:50  Overseer  
  75  5:51  Overlord x2  
  75  6:01  Nydus Canal  
  75  6:02  Overlord  
  75  6:06  Roach  
  77  6:11  Roach x2  
  81  6:23  Nydus Canal  
  81  6:24  Roach  
  84  6:25  Roach  
  84  6:29  Roach  
  84  6:31  Roach  
  84  6:32  Queen x2  
  82  6:34  Roach  
  82  6:37  Roach  
  88  6:45  Roach x3  
  86  6:55  Roach x2  
  86  6:56  Roach  
  86  6:58  Roach  
  86  7:02  Nydus Canal  
  86  7:03  Roach  
  86  7:05  Roach  
  90  7:08  Roach  
  90  7:11  Drone x2  
  92  7:19  Roach  
  82  7:31  Nydus Canal  
  82  7:32  Roach x2  
  82  7:33  Roach  
  82  7:35  Queen x2  
  92  7:39  Roach  
  94  7:45  Nydus Canal  
  94  7:47  Roach x2  
  98  7:52  Roach  
  98  7:56  Roach x2  
  98  7:58  Roach  
  98  8:03  Roach x2  
  84  8:13  Queen  
  84  8:14  Queen  
  82  8:22  Roach  
  82  8:23  Roach  
  86  8:32  Roach x3  
  90  8:45  Nydus Canal  
  90  8:46  Roach x2  
  88  8:49  Queen  
  88  8:55  Roach x2  
  92  9:03  Queen  
  92  9:20  Spore Crawler  
  92  9:21  Spore Crawler  
  89  9:24  Nydus Canal  
  89  9:25  Queen  
  84  9:36  Roach x3  
  84  9:37  Roach x2  
  91  9:45  Queen  
  91  9:46  Roach  
  91  9:49  Roach x2  
  89  9:58  Roach x2  
  89  10:04  Queen  
  89  10:38  Spire, Nydus Canal  
Tags
 
Add a new tag
Caveats
  • Supply blocks, unpowered buildings, or Contaminate may cause inaccurate times.
  • Supply counts are checked every 10 seconds.